 Dungeon Crawl Stone Soup version 0.20.0-15-g7f486f2 (webtiles) character file.

73922 Mesmaeker13 the Unseen (level 15, -16/75 HPs)
             Began as a Vine Stalker Assassin on June 12, 2017.
             Was a High Priest of Ashenzari.
             Killed from afar by an orc sorcerer (30 damage)
             ... with a bolt of negative energy
             ... on level 2 of the Orcish Mines.
             The game lasted 01:21:06 (23320 turns).

Mesmaeker13 the Unseen (Vine Stalker Assassin)     Turns: 23320, Time: 01:21:07

Health: -16/75     AC: 12    Str: 18    XL:     15   Next: 45%
Magic:  0/16       EV: 19    Int: 14    God:    Ashenzari [*****.]
Gold:   2295       SH: 11    Dex: 18    Spells: 11/14 levels left

rFire    . . .     SeeInvis +   o - +7 captain's cutlass {speed, disarm}
rCold    . . .     Gourm    .   j - +0 buckler (curse)
rNeg     . . .     Faith    .   S - +1 leather armour of Wafod {rElec SInv}
rPois    +         Spirit   +   z - +2 helmet (curse)
rElec    +         Reflect  +   Z - +2 cloak
rCorr    .         Harm     .   D - +1 pair of gloves {Str+3} (curse)
MR       +....     Clarity  +   (no boots)
Stlth    ++++++++..             U - +5 amulet of reflection
Regen    1.1/turn               O - ring of stealth
MPRegen  0.2/turn               L - ring of stealth (curse)

@: heavily drained
A: fangs 3, clarity, poison resistance, regeneration 2, wild magic 1, magic
shield, antimagic bite, no potion heal 3, rot immunity
a: Curse Item, Scrying, Transfer Knowledge, Renounce Religion


You were on level 2 of the Orcish Mines.
You worshipped Ashenzari.
Ashenzari was extremely pleased with you.
You were not hungry.

You visited 4 branches of the dungeon, and saw 21 of its levels.

You collected 2295 gold pieces.

Inventory:

Hand Weapons
 k - a +0 scimitar of flaming
 o - the +7 captain's cutlass (weapon) {speed, disarm}
   (You acquired it on level 2 of the Lair of Beasts)

   Attacks with this weapon are significantly faster.
 y - a +2 dagger of venom
Missiles
 t - 2 needles of confusion
Armour
 j - a cursed +0 buckler (worn)
 m - a +0 robe of resistance
 z - a cursed +2 helmet (worn)
 D - a cursed +1 pair of gloves of strength (worn)
 S - the +1 leather armour of Wafod (worn) {rElec SInv}
   (You found it on level 12 of the Dungeon)

   It insulates you from electricity.
   It lets you see invisible.
 Z - a +2 cloak (worn)
Jewellery
 L - a cursed ring of stealth (right hand)
 O - a ring of stealth (left hand)
 U - a +5 amulet of reflection (around neck)
Wands
 c - a wand of disintegration (15/24)
 e - a wand of acid (0/15)
 h - a wand of digging (11/24)
 n - a wand of paralysis (13/24)
 v - a wand of enslavement (12/24)
 H - a wand of digging (7/24)
Scrolls
 a - 2 scrolls of blinking
 b - a scroll of enchant weapon
 l - 4 scrolls of teleportation
 r - a scroll of holy word {unknown}
 w - a scroll of recharging
 F - a scroll of magic mapping {unknown}
 K - 3 scrolls of fog
 P - 2 scrolls of brand weapon {unknown}
Potions
 p - a potion of invisibility {unknown}
 u - 2 potions of resistance
 A - 5 potions of lignification {unknown}
 B - 5 potions of haste
 C - 4 potions of curing
 E - 5 potions of flight
 I - 3 potions of might {unknown}
 J - a potion of brilliance {unknown}
 Q - a potion of cancellation {unknown}
 R - a potion of ambrosia {unknown}
 T - 3 potions of berserk rage {unknown}
 V - a potion of heal wounds {unknown}
 W - 2 potions of agility {unknown}
Books
 d - a book of Beasts

   Spells                             Type                      Level
   a - Summon Butterflies             Summoning                    1
   b - Call Canine Familiar           Summoning                    3
   c - Summon Ice Beast               Ice/Summoning                4
   d - Summon Mana Viper              Hexes/Summoning              5
   e - Summon Hydra                   Summoning                    7
Comestibles
 f - 17 royal jellies
 g - 6 bread rations
 s - 8 meat rations
 M - 2 chunks of flesh
 N - 5 fruits


   Skills:
 + Level 7.4(5.4) Fighting
 + Level 12.0(9.8) Short Blades
 - Level 3.4(1.6) Throwing
 + Level 11.6(9.4) Dodging
 + Level 18.6(16.0) Stealth
 - Level 5.0(5.6) Shields
 - Level 5.8(3.8) Charms
 - Level 4.0(2.1) Translocations


You had 11 spell levels left.
You knew the following spells:

 Your Spells              Type           Power        Failure   Level  Hunger
a - Infusion              Chrm           ##..         11%         1    ##.....
b - Shroud of Golubria    Chrm/Tloc      ##........   22%         2    ###....


Dungeon Overview and Level Annotations

Branches:
Dungeon (12/15)            Temple (1/1) D:6            Lair (6/6) D:11
  Swamp (0/4) Lair:3       Spider (0/4) Lair:3        Slime (0/5) Lair:6
    Orc (2/2) D:11            Elf (0/3) Orc:2

Altars:
Ashenzari
Cheibriados
Dithmenos
Elyvilon
Fedhas
Gozag
Hepliaklqana
Kikubaaqudgha
Makhleb
Nemelex Xobeh
Okawaru
Qazlal
Ru
Sif Muna
Trog
Uskayaw
Vehumet
Xom
Yredelemnul
Zin
The Shining One
Beogh

Annotations:
D:3 ThereIsNoGod's ghost, amateur SpEE
D:4 CODWOMAN's ghost, novice DsSk
Lair:5 Rupert


Innate Abilities, Weirdness & Mutations

You have razor-sharp teeth.
You heal very quickly.
When hurt, damage is shared between your health and your magic reserves.
Your bite disrupts and absorbs the magic of your enemies.
Potions cannot restore your health.
You are immune to rotting.
You possess an exceptional clarity of mind.
Your system is resistant to poisons. (rPois)
Your spells are a little harder to cast, but a little more powerful.


Message History

The orc sorcerer is almost dead.
The smoke demon closely misses you. The smoke demon barely misses you.
The smoke demon completely misses you.
You closely miss the orc sorcerer.
You bite the orc sorcerer, but do no damage.
The orc sorcerer is almost dead.
The orc sorcerer points at you and mumbles some strange words.
The bolt of negative energy hits you!
You feel drained.
* * * LOW HITPOINT WARNING * * *
The bolt of negative energy hits the smoke demon.
The smoke demon completely resists.
The orc priest misses you.
You barely miss the orc sorcerer.
The orc sorcerer is almost dead.
The smoke demon closely misses you. The smoke demon barely misses you.
The smoke demon closely misses you.
You hit the orc sorcerer but do no damage.
The orc sorcerer is almost dead.
The orc sorcerer gestures at you while chanting.
The bolt of negative energy hits you!
You feel drained.
You die...

**** * *** **#####.. #.##[o. ###
#### ##.##))( ..## ##..#
##...)#[. ...# #####.#####
###..o##### ...## #.#.......#
##.#{.).#.# ..).#####....)..####
#..{3....###
......#.....<).).#.###.{........#
...........).[(3@o[)##.o.........
.................o.[[.......#....
#..........#.............#..##...
#.........##.##..........#####...
##...>.....#####.........######..
#..........# **#...........##....
#............ #...........###....
#............ #...........#......
......###.. ,,......#............


You could see a smoke demon, an orc sorcerer and an orc priest.

Vanquished Creatures
  Nessos (Lair:6)
  The ghost of Paps the Carver, a journeyman DsBe of Trog (D:12)
  A fire dragon (Lair:6)
  The ghost of murphy the Covert, a journeyman NaTm of Cheibriados (D:11)
  An ice dragon (D:11)
  4 hydras
  6 two-headed ogres
  Erica (D:9)
  A death yak (Lair:5)
  An orc high priest (Orc:2)
  A swamp dragon (Lair:6)
  An orc knight (Orc:2)
  A manticore (Lair:5)
  5 orc sorcerers
  An ugly thing (D:11)
  A cyclops (D:12)
  A wolf spider (Lair:6)
  9 elephants (Lair:5)
  A centaur zombie (D:11)
  A torpor snail (Lair:6)
  4 black mambas
  Psyche (D:11)
  A gargoyle (D:11)
  4 kobold demonologists (D:11)
  14 spiny frogs
  5 rime drakes
  3 centaur skeletons
  8 komodo dragons
  2 jumping spiders (Lair:3)
  2 queen bees
  6 meliai
  2 trolls
  Prince Ribbit (D:5)
  12 polar bears
  2 raiju (Lair:6)
  16 blink frogs
  3 dream sheep (Lair:6)
  2 slime creatures (D:10)
  8 hippogriffs
  2 redbacks (Lair:3)
  Sigmund (D:4)
  A wyvern (D:12)
  39 yaks
  7 basilisks
  8 wargs
  Grum (D:8)
  6 vampire mosquitoes
  3 steam dragons
  4 swamp worms (Lair:3)
  2 insubstantial wisps (Lair:6)
  2 acid dragons (Lair:6)
  17 water moccasins
  A swamp drake (Lair:6)
  15 hell hounds (Lair:6)
  14 porcupines
  16 orc warriors
  An eye of draining (D:8)
  13 black bears
  43 wolves
  7 ice beasts
  5 sky beasts
  5 phantoms
  9 ogres
  7 centaurs
  16 crocodiles
  4 big kobolds
  15 bullfrogs
  A wyvern zombie (D:12)
  5 scorpions
  59 killer bees
  3 electric eels
  2 howler monkeys
  14 jellies
  5 crimson imps
  2 quasits
  8 hounds
  6 orc priests
  16 orc wizards
  Crazy Yiuf (D:3)
  2 bullfrog skeletons
  Natasha (twice) (D:3)
  3 iguanas
  6 worker ants
  A hound skeleton (D:4)
  3 worker ant zombies
  A howler monkey zombie (D:5)
  Robin (D:3)
  16 adders
  A shadow imp (D:12)
  3 oozes
  An adder skeleton (D:9)
  6 worms
  3 dart slugs
  8 leopard geckos
  35 orcs
  6 bats
  7 giant cockroaches
  7 hobgoblins
  16 jackals
  12 kobolds
  4 quokkas
  A ball python (D:1)
  4 frilled lizards
  19 goblins
  A leopard gecko skeleton (D:8)
  2 quokka skeletons
  6 rats
  A butterfly (Lair:1)
  3 plants (Lair:6)
703 creatures vanquished.

Vanquished Creatures (others)
  An acid dragon (Lair:6)
  An orc priest (Orc:2)
  An orc (Orc:1)
  17 fungi
  18 plants
38 creatures vanquished.

Grand Total: 741 creatures vanquished

Notes
Turn   | Place    | Note
-------+----------+-------------------------------------------
     0 | D:1      | Mesmaeker13 the Vine Stalker Assassin began the quest for the Orb.
     0 | D:1      | Reached XP level 1. HP: 11/11 MP: 2/2
   124 | D:1      | Reached skill level 1 in Dodging
   200 | D:1      | Reached XP level 2. HP: 15/15 MP: 3/3
   203 | D:1      | Reached skill level 5 in Stealth
   840 | D:2      | Reached XP level 3. HP: 14/18 MP: 2/4
   901 | D:2      | Found a shadowy altar of Dithmenos.
  1595 | D:2      | Gained mutation: Your natural rate of healing is unusually fast. [Vine Stalker growth]
  1595 | D:2      | Reached XP level 4. HP: 23/23 MP: 3/5
  2046 | D:2      | Found a blossoming altar of Fedhas.
  2046 | D:2      | Found a hazy altar of Hepliaklqana.
  2207 | D:3      | Noticed Robin
  2271 | D:3      | Killed Robin
  2275 | D:3      | Reached skill level 6 in Stealth
  2434 | D:3      | Reached XP level 5. HP: 24/26 MP: 4/6
  2645 | D:3      | Noticed Natasha
  2655 | D:3      | Killed Natasha
  2780 | D:3      | Noticed ThereIsNoGod's ghost (amateur SpEE)
  2820 | D:3      | Found a runed door.
  3220 | D:3      | Noticed Natasha
  3236 | D:3      | Killed Natasha
  3584 | D:3      | Noticed Crazy Yiuf
  3588 | D:3      | Killed Crazy Yiuf
  3588 | D:3      | Reached XP level 6. HP: 30/30 MP: 7/7
  3690 | D:4      | Noticed Sigmund
  3699 | D:4      | Killed Sigmund
  3699 | D:4      | Reached skill level 7 in Stealth
  3760 | D:4      | Reached XP level 7. HP: 34/34 MP: 8/8
  3935 | D:4      | Found an iron altar of Okawaru.
  4021 | D:4      | Noticed CODWOMAN's ghost (novice DsSk)
  4057 | D:5      | Entered Level 5 of the Dungeon
  4076 | D:5      | Noticed Prince Ribbit
  4194 | D:5      | Found a glowing golden altar of the Shining One.
  4219 | D:5      | Killed Prince Ribbit
  4219 | D:5      | Reached skill level 8 in Stealth
  4223 | D:5      | Gained mutation: You have razor-sharp teeth. [Vine Stalker growth]
  4223 | D:5      | Reached XP level 8. HP: 38/38 MP: 9/9
  4744 | D:5      | Reached skill level 5 in Short Blades
  4744 | D:5      | Reached skill level 1 in Shields
  5128 | D:6      | Found a staircase to the Ecumenical Temple.
  5205 | Temple   | Entered the Ecumenical Temple
  5294 | Temple   | Became a worshipper of Ashenzari the Shackled
  5795 | D:6      | Reached skill level 9 in Stealth
  5806 | D:6      | Reached skill level 5 in Dodging
  6457 | D:7      | Reached XP level 9. HP: 42/42 MP: 10/10
  7222 | D:7      | Reached skill level 10 in Stealth
  7318 | D:7      | Found a basalt altar of Yredelemnul.
  7669 | D:8      | Noticed Grum
  7874 | D:8      | Reached XP level 10. HP: 46/46 MP: 11/11
  7990 | D:8      | Found a hide-covered altar of Uskayaw.
  8085 | D:8      | Reached * piety under Ashenzari
  8151 | D:8      | Reached skill level 11 in Stealth
  8272 | D:8      | Killed Grum
  8317 | D:8      | Reached skill level 5 in Shields
  8805 | D:9      | Noticed Erica
  8856 | D:9      | Gained mutation: You occasionally shout uncontrollably at your foes. [potion of mutation]
  8856 | D:9      | Gained mutation: You are partially covered in thin metallic scales. (AC +2) [potion of mutation]
  8856 | D:9      | Gained mutation: You are partially covered in icy blue scales. (AC +2) [potion of mutation]
  8857 | D:9      | Lost mutation: You are partially covered in icy blue scales. (AC +2) [potion of mutation]
  8857 | D:9      | Lost mutation: You occasionally shout uncontrollably at your foes. [potion of mutation]
  8857 | D:9      | Lost mutation: You are partially covered in thin metallic scales. (AC +2) [potion of mutation]
  8857 | D:9      | Gained mutation: You tend to lose your temper in combat. [potion of mutation]
  8857 | D:9      | Gained mutation: You are partially covered in large bone plates. (SH +4) [potion of mutation]
  9000 | D:9      | Killed Erica
  9143 | D:9      | Lost mutation: You tend to lose your temper in combat. [potion of mutation]
  9143 | D:9      | Lost mutation: You are partially covered in large bone plates. (SH +4) [potion of mutation]
  9143 | D:9      | Gained mutation: Your muscles are strong. (Str +2) [potion of mutation]
  9143 | D:9      | Gained mutation: Your spells are a little harder to cast, but a little more powerful. [potion of mutation]
  9296 | D:9      | Reached skill level 12 in Stealth
  9545 | D:9      | Noticed a two-headed ogre
  9548 | D:9      | Killed a two-headed ogre
  9548 | D:9      | Reached XP level 11. HP: 50/50 MP: 12/12
  9742 | D:10     | Entered Level 10 of the Dungeon
  9752 | D:10     | Reached ** piety under Ashenzari
  9791 | D:10     | Noticed a two-headed ogre
  9810 | D:10     | Killed a two-headed ogre
 10127 | D:11     | Noticed a white ugly thing
 10129 | D:11     | Killed a white ugly thing
 10144 | D:11     | Noticed Psyche
 10269 | D:10     | Found a bloodstained altar of Trog.
 10721 | D:9      | Learned a level 1 spell: Infusion
 11336 | D:8      | Reached skill level 13 in Stealth
 11589 | D:11     | Reached skill level 1 in Charms
 11601 | D:11     | Noticed murphy's ghost (journeyman NaTm)
 11609 | D:11     | Found a staircase to the Lair.
 11620 | Lair:1   | Entered Level 1 of the Lair of Beasts
 11944 | D:11     | Noticed an ice dragon
 12140 | D:11     | Noticed a sun demon
 12339 | Lair:1   | Learned a level 2 spell: Shroud of Golubria
 12420 | Lair:1   | Gained mutation: You heal very quickly. [Vine Stalker growth]
 12420 | Lair:1   | Reached XP level 12. HP: 52/54 MP: 13/13
 12435 | Lair:1   | Reached skill level 1 in Translocations
 13001 | Lair:1   | Reached skill level 14 in Stealth
 13428 | Lair:2   | Noticed a six-headed hydra
 13433 | Lair:2   | Reached *** piety under Ashenzari
 13462 | Lair:2   | Killed a one-headed hydra
 13810 | Lair:2   | Reached skill level 10 in Short Blades
 14012 | Lair:2   | Identified 3 scrolls of acquirement
 14469 | Lair:2   | Identified the cursed ring of Starshine {-Tele rC+ Str+5 Int+6} (You acquired it on level 2 of the Lair of Beasts)
 14918 | Lair:3   | Reached skill level 15 in Stealth
 14941 | Lair:3   | Reached XP level 13. HP: 58/58 MP: 14/14
 14986 | Lair:3   | Reached skill level 5 in Charms
 15334 | Lair:3   | Reached **** piety under Ashenzari
 15464 | Lair:3   | Found a hole to the Spider Nest.
 15734 | Lair:3   | Found a staircase to the Swamp.
 16655 | Lair:5   | Reached skill level 16 in Stealth
 16765 | Lair:5   | Reached skill level 10 in Dodging
 16938 | Lair:5   | Reached ***** piety under Ashenzari
 17628 | Lair:5   | Reached skill level 17 in Stealth
 18024 | Lair:5   | Reached XP level 14. HP: 65/65 MP: 15/15
 18113 | Lair:6   | Entered Level 6 of the Lair of Beasts
 18124 | Lair:6   | Noticed Nessos
 18223 | Lair:6   | Found a staircase to the Slime Pits.
 18264 | Lair:6   | Killed Nessos
 18411 | Lair:6   | Noticed Rupert
 18784 | Lair:6   | Reached skill level 5 in Fighting
 19645 | Lair:6   | Lost mutation: Your muscles are strong. (Str +2) [potion of mutation]
 19645 | Lair:6   | Lost mutation: Your spells are a little harder to cast, but a little more powerful. [potion of mutation]
 19645 | Lair:6   | Gained mutation: Your body sometimes deteriorates upon taking damage. [potion of mutation]
 19645 | Lair:6   | Gained mutation: You are frail. (-10% HP) [potion of mutation]
 19645 | Lair:6   | Gained mutation: You tend to lose your temper in combat. [potion of mutation]
 19645 | Lair:6   | Gained mutation: Your spells are a little harder to cast, but a little more powerful. [potion of mutation]
 19646 | Lair:6   | Lost mutation: You are frail. (-10% HP) [potion of mutation]
 19646 | Lair:6   | Lost mutation: Your body sometimes deteriorates upon taking damage. [potion of mutation]
 19646 | Lair:6   | Lost mutation: You tend to lose your temper in combat. [potion of mutation]
 19646 | Lair:6   | Gained mutation: Your system is resistant to poisons. (rPois) [potion of mutation]
 19646 | Lair:6   | Gained mutation: You possess an exceptional clarity of mind. [potion of mutation]
 19646 | Lair:6   | Gained mutation: Scrolls take you a little longer to read. [potion of mutation]
 19646 | Lair:6   | Lost mutation: Scrolls take you a little longer to read. [potion of mutation]
 20034 | Lair:6   | Paralysed by Rupert for 6 turns
 20044 | Lair:6   | Paralysed by Rupert for 4 turns
 20197 | Lair:5   | Paralysed by Rupert for 4 turns
 20451 | D:11     | Reached skill level 18 in Stealth
 20473 | D:11     | Killed Psyche
 20523 | D:11     | Killed murphy's ghost
 20847 | D:11     | Found a staircase to the Orcish Mines.
 20911 | D:12     | Identified the cursed +0 hat "Ecruq" {rN+ Int-2 Dex+4}
 21177 | D:12     | Reached XP level 15. HP: 74/74 MP: 16/16
 21404 | D:12     | Noticed Paps's ghost (journeyman DsBe)
 21437 | D:12     | Killed Paps's ghost
 21438 | D:12     | HP: 3/74 [steam dragon/ball of steam (17)]
 21859 | D:12     | Identified the +1 leather armour of Wafod {rElec SInv}
 22121 | Orc:1    | Entered Level 1 of the Orcish Mines
 22467 | Orc:2    | Entered Level 2 of the Orcish Mines
 22467 | Orc:2    | Found a staircase to the Elven Halls.
 22481 | Orc:2    | Paralysed by an orc sorcerer for 5 turns
 23048 | Orc:2    | Found a roughly hewn altar of Beogh.
 23320 | Orc:2    | Killed from afar by an orc sorcerer

Skill      XL: |  1  2  3  4  5  6  7  8  9 10 11 12 13 14 15 |
---------------+----------------------------------------------+-----
Dodging        | 1 2 3 4 5 6 7 8 9 10 11 | 11.6
Short Blades   | 2 3 4 5 6 8 9 10 11 12 | 12.0
Stealth        | 5 6 7 8 9 10 12 13 15 17 18 | 18.6
Shields        | 2 4 5 |  5.0
Throwing       | 3 |  3.4
Charms         | 3 4 5 |  5.8
Translocations | 4 |  4.0
Fighting       | 3 6 7 |  7.4

Action                   |  1- 3 |  4- 6 |  7- 9 | 10-12 | 13-15 || total
-------------------------+-------+-------+-------+-------+-------++-------
Melee: Dagger            |    60 |   131 |   384 |   919 |   117 ||  1611
       Bite              |    18 |    32 |   101 |   389 |   620 ||  1160
       Short sword       |    17 |       |       |       |       ||    17
       Quarterstaff      |       |     1 |       |       |       ||     1
       Scimitar          |       |       |       |    33 |    13 ||    46
       Cutlass           |       |       |       |   112 |  1564 ||  1676
 Fire: Blowgun           |       |       |    11 |    14 |       ||    25
Throw: Throwing net      |       |     2 |     1 |       |       ||     3
 Cast: Infusion          |       |       |       |     3 |       ||     3
Invok: Curse Item        |       |       |     2 |     2 |       ||     4
       Scrying           |       |       |       |       |     3 ||     3
Evoke: Wand              |       |     3 |       |     9 |    13 ||    25
  Use: Scroll            |     3 |     1 |     5 |    15 |    12 ||    36
       Potion            |       |       |       |     3 |     6 ||     9
 Stab: Sleeping          |    11 |    10 |    20 |    21 |    39 ||   101
       Distracted        |     1 |       |     4 |     5 |    14 ||    24
       Held in net/web   |       |       |     1 |       |       ||     1
       Confused          |       |       |       |       |     2 ||     2
  Eat: Chunk             |     2 |     7 |    13 |    26 |    23 ||    71
       Fruit             |       |       |       |     8 |       ||     8
Armor: Robe              |    11 |    24 |    73 |   163 |   141 ||   412
       Leather armour    |       |       |       |       |    28 ||    28
Dodge: Dodged            |    33 |    47 |   183 |   482 |   769 ||  1514
Block: Buckler           |     4 |    21 |    48 |   207 |   444 ||   724
       Reflection        |       |       |       |       |     7 ||     7
       Rpst.: Scimitar   |       |       |       |     7 |     1 ||     8
